 Dungeon Crawl Stone Soup version 0.29-a0-356-g7bc237e783 (webtiles) character file.

Game seed: 5099844718017718352

3753 spaghetti the Ruffian (level 10, -8/55 HPs)
             Began as a Vine Stalker Fighter on Apr 26, 2022.
             Was a Follower of Cheibriados.
             Mangled by a manticore (15 damage)
             ... on level 8 of the Dungeon.
             The game lasted 00:11:49 (6681 turns).

spaghetti the Ruffian (Vine Stalker Fighter)        Turns: 6681, Time: 00:11:50

Health: -8/55      AC: 15    Str: 21    XL:     10   Next: 15%
Magic:  0/11       EV: 10    Int: 14    God:    Cheibriados [*.....]
Gold:   452        SH:  6    Dex: 16    Spells: 3/9 levels left

rFire   . . .      SeeInvis .     - Unarmed
rCold   . . .      Faith    .   c - +0 buckler
rNeg    . . .      Spirit   +   f - +0 plate armour
rPois   .          Reflect  .   (no helmet)
rElec   .          Harm     .   A - +0 cloak
rCorr   .          Rampage  .   v - +1 pair of gloves {Stlth+}
Will    +....                   (no boots)
Stlth   ..........              (no amulet)
HPRegen 0.98/turn               I - +4 ring of evasion
MPRegen 0.12/turn               (no ring)

@: very slow
A: fangs 3, regeneration 1, magic shield, antimagic bite, no potion heal 2
a: Renounce Religion, Bend Time


You were on level 8 of the Dungeon.
You worshipped Cheibriados.
Cheibriados was aware of your devotion.
You visited 2 branches of the dungeon, and saw 10 of its levels.
You also visited: Sewer.

You collected 452 gold pieces.


Innate Abilities, Weirdness & Mutations

You have razor-sharp teeth.
Your natural rate of healing is unusually fast.
When hurt, damage is shared between your health and your magic reserves.
Your bite disrupts and absorbs the magic of your enemies.
Potions cannot restore your health.


   Skills:
 + Level 7.1 Fighting
 - Level 4.4 Short Blades
 - Level 4.3 Armour
 + Level 7.1 Shields
 * Level 7.8 Unarmed Combat


You had 3 spell levels left.
You knew the following spells:

 Your Spells              Type           Power      Damage    Failure   Level
a - Statue Form           Tmut/Erth      0%         N/A       100%        6

Your spell library contained the following spells:

 Spells                   Type           Power      Damage    Failure   Level
 Animate Skeleton         Necr           0%         N/A       100%        1
 Apportation              Tloc           0%         N/A       100%        1
 Summon Small Mammal      Summ           0%         N/A       100%        1
 Dazzling Flash           Conj/Hex       0%         N/A       100%        3
 Gell's Gravitas          Tloc           0%         N/A       100%        3
 Lesser Beckoning         Tloc           0%         N/A       100%        3
 Teleport Other           Tloc           0%         N/A       100%        3
 Iskenderun's Mystic Bla  Conj/Tloc      0%         2d3       100%        4
 Petrify                  Tmut/Erth      0%         N/A       100%        4
 Metabolic Englaciation   Hex/Ice        0%         N/A       100%        5
 Starburst                Conj/Fire      0%         6d3       100%        6

Inventory:

Hand Weapons
 a - a +0 rapier {short}
 p - a +2 short sword of electrocution {short}
   (You took it off a kobold brigand in a sewer)
Missiles
 i - 246 stones (quivered) {throwing}
 q - 36 poisoned darts {throwing}
 y - 7 boomerangs {throwing}
Armour
 b - a +0 scale mail
 c - a +0 buckler (worn)
 f - a +0 plate armour (worn)
   (You found it on level 1 of the Dungeon)
 v - a +1 pair of gloves of stealth (worn)
   (You found it on level 3 of the Dungeon)
 A - a +0 cloak (worn)
   (You took it off Crazy Yiuf on level 4 of the Dungeon)
 G - the +7 scale mail of Purpose {Rampage Fly, forbidden}
   (You found it on level 7 of the Dungeon)

   Fly:       It grants you flight.
   Rampage:   It bestows one free step when moving towards enemies.
   Cheibriados disapproves of the use of such an item.
Magical Staves
 F - a staff of cold {!astaff}
   (You found it on level 6 of the Dungeon)
Jewellery
 g - a ring of ice
   (You took it off an orc on level 6 of the Dungeon)
 l - a ring of positive energy
   (You found it on level 7 of the Dungeon)
 E - a ring of willpower
   (You found it on level 6 of the Dungeon)
 I - a +4 ring of evasion (left hand)
   (You found it on level 8 of the Dungeon)
Scrolls
 d - a scroll of magic mapping {!r}
 e - 4 scrolls of immolation {!r!r}
 h - 3 scrolls of noise {!r}
 k - 3 scrolls of amnesia
 m - 2 scrolls of torment {!r}
 n - a scroll of brand weapon
 o - a scroll of vulnerability {!r!r}
 x - 2 scrolls of enchant weapon
 z - a scroll of teleportation {@r4}
 D - a scroll of identify {@r1}
Potions
 j - a potion of brilliance
 r - 7 potions of flight
 s - 2 potions of heal wounds {@q2}
 t - 4 potions of curing {@q1}
 u - 2 potions of lignification {!q}
 w - 2 potions of haste {unknown}
 B - a potion of resistance {unknown}
 C - a potion of attraction {unknown}
 H - a potion of degeneration {unknown}

Dungeon Overview and Level Annotations

Branches:
Dungeon (9/15)             Temple (1/1) D:6           Sewer (visited)
   Lair: D:8-11         Orc: D:9-12

Altars:
Ashenzari
Cheibriados
Dithmenos
Elyvilon
Fedhas
Gozag
Hepliaklqana
Makhleb
Nemelex Xobeh
Ru
Sif Muna
Trog
Uskayaw
Vehumet
Wu Jian
Xom
Zin
The Shining One

Shops:
D:8

( #. ≈.§§≈≈ #. ≈.§§§§
#. ≈.≈.§§ ######. ≈.≈.§
....... ≈.§≈§≈. .......
.≈§§≈≈≈ .......#..H....
## .......H####### #.#
........@.....# ..#
..............##.######
......................#
.............)........#
......#...............#
......#...............#
..............>.......#
........#.###.........#
.......†#.# #.........#


You could see a manticore.


Message History

😕 HP[+11] MP[+2]
You regained 11 hp, and now have 46/55 hp.
Your mp is fully restored (11).
Things that are here:
a +0 glaive {polearm}; +0 acid dragon scales 😎 HP[+9]
Your hp is fully restored (55).
A water moccasin comes into view.
The water moccasin hisses angrily.
You see here a potion of lignification {!q}.
A water moccasin is nearby!
A water moccasin is nearby!
You barely miss the water moccasin. The water moccasin closely misses you.
You punch the water moccasin! The water moccasin barely misses you.
You closely miss the water moccasin. The water moccasin barely misses you.
The water moccasin bites you but does no damage.
You barely miss the water moccasin. You block the water moccasin's attack.
You miss the water moccasin. Your bite misses the water moccasin.
You block the water moccasin's attack.
You closely miss the water moccasin.
The water moccasin bites you but does no damage.
You punch the water moccasin! Your bite misses the water moccasin.
The water moccasin barely misses you.
You hit the water moccasin but do no damage.
You bite the water moccasin. You drain its power.
The water moccasin bites you. 😕 HP[-4] MP[-1]
You take 4 damage, and now have 51/55 hp.
You lost 1 mp, and now have 10/11 mp.
You completely miss the water moccasin. Your bite misses the water moccasin.
The water moccasin misses you.
The water moccasin barely misses you. 😕 HP[+1]
You punch the water moccasin!
You kill the water moccasin!
Cheibriados thoroughly appreciates the change of pace. 😕 HP[+1]
You see here a water moccasin corpse. 😕 HP[+1]
u - 2 potions of lignification {!q} (gained 1)
Found a white marble altar of Elyvilon. 😎 HP[+1] MP[+1]
Your hp is fully restored (55).
Your mp is fully restored (11).
A manticore comes into view.
The manticore flicks its tail.
The volley of spikes hits you.
The barbed spikes become lodged in your body. 😕 HP[-3]
You take 3 damage, and now have 52/55 hp.
The barbs in your skin will harm you if you move.
Continue?
The barbed spikes dig painfully into your body as you move. 😕 HP[-2] MP[-1]
You take 2 damage, and now have 50/55 hp.
You lost 1 mp, and now have 10/11 mp.
You start resting.
A manticore is nearby! 😕 HP[+1]
You hit the manticore.
The manticore bites you but does no damage.
You block the manticore's attack. The manticore claws you. 😕 HP[-1]
You take 1 damage, and now have 50/55 hp.
You hit the manticore. You bite the manticore! You drain its power.
You feel invigorated. 😕 MP[+1]
Your mp is fully restored (11).
You hit the manticore. Your bite misses the manticore.
The manticore bites you but does no damage.
The manticore barely misses you.
You block the manticore's attack. 😕 HP[+1]
You hit the manticore. Your bite misses the manticore.
You carefully extract the barbed spikes from your body.
You block the manticore's attack.
The manticore claws you but does no damage.
The manticore barely misses you. 😕 HP[+1]
You punch the manticore! You bite the manticore! You drain its power.
The manticore bites you! The manticore claws you!
The manticore claws you. 😮 HP[-18] MP[-5]
You take 18 damage, and now have 34/55 hp.
MASSIVE DAMAGE!! (PAUSE)
You lost 5 mp, and now have 6/11 mp.
You punch the manticore! The manticore bites you!
* * * LOW HITPOINT WARNING * * *
The manticore claws you.
* * * LOW HITPOINT WARNING * * *
The manticore barely misses you. 😨 HP[-16] MP[-2]
You take 16 damage, and now have 18/55 hp.
MASSIVE DAMAGE!! (PAUSE)
You lost 2 mp, and now have 4/11 mp.
You hit the manticore but do no damage. The manticore bites you!
* * * LOW HITPOINT WARNING * * *
You block the manticore's attack.
The manticore claws you but does no damage. 😱 HP[-12] MP[-3]
You take 12 damage, and now have 6/55 hp.
MASSIVE DAMAGE!! (PAUSE)
You lost 3 mp, and now have 1/11 mp.
Unknown command.
You hit the manticore but do no damage. The manticore bites you!
You die...

Skill      XL: |  1  2  3  4  5  6  7  8  9 10 |
---------------+-------------------------------+-----
Short Blades   | 2 3 4 |  4.4
Shields        | 3 4 5 6 7 |  7.1
Fighting       | 3 4 5 6 7 |  7.1
Armour         | 3 4 |  4.3
Unarmed Combat | 4 7 |  7.8

Action                   |  1- 3 |  4- 6 |  7- 9 | 10-12 || total
-------------------------+-------+-------+-------+-------++-------
Melee: Rapier            |    84 |   123 |       |       ||   207
       Bite              |    20 |    37 |    97 |     8 ||   162
       Short sword       |       |    15 |   261 |       ||   276
       Unarmed           |       |       |    42 |    49 ||    91
Throw: Dart              |       |     2 |       |       ||     2
  Use: Scroll            |       |     5 |    12 |       ||    17
       Potion            |       |     1 |     3 |       ||     4
Armor: Plate armour      |    40 |    99 |   190 |    12 ||   341
       Scale mail        |     3 |       |       |       ||     3
       Skin              |       |       |     4 |       ||     4
Dodge: Dodged            |    16 |    29 |    80 |    19 ||   144
Block: Buckler           |    20 |    27 |    85 |    10 ||   142

Levels and vault maps discovered:
D:1:      dpeg_arrival_oval, layout_loops_ring
D:2:      layout_loops_ring
D:3:      layout_rooms, portal_sewer_entry_d, serial_aquarium,
          aquarium_bridge_island_small [aquarium_subvault_small_open,
          aquarium_subvault_window, aquarium_subvault_wall,
          aquarium_subvault_window, aquarium_subvault_bridge],
          aquarium_bridge_long_separate [aquarium_subvault_bridge,
          aquarium_subvault_bridge, aquarium_subvault_wall,
          aquarium_subvault_window, aquarium_subvault_bridge,
          aquarium_subvault_window], aquarium_window_1, aquarium_window_1,
          aquarium_window_2, aquarium_window_3, aquarium_view_2b,
          aquarium_pool_double
D:4:      layout_basic, mainiacjoe_overflow_alcove_1, uniq_menkaure,
          uniq_crazy_yiuf_cottage
D:5:      layout_basic, enter_ossuary_5, corexii_hall_statues_x,
          serial_bayou_ford_a
D:6:      layout_rooms, nicolae_overflow_crystal_walls,
          minmay_temple_entry_antechambers
D:7:      layout_basic, nicolae_ashenzari_skybound
D:8:      layout_basic, mainiacjoe_overflow_paths, serial_shops,
          nicolae_shop_bloodbath_and_beyond, uniq_pikel, uniq_maggie
D:9:      layout_rooms, yredelemnul_altar_generic,
          mainiacjoe_overflow_tiny_flanked, grunt_ministairs_13,
          minmay_quadrilaterals, uniq_joseph, uniq_prince_ribbit1, uniq_erolcha
Temple:   nicolae_temple_x_marks_the_god

Notes
Turn   | Place    | Note
-------+----------+-------------------------------------------
     0 | D:1      | spaghetti the Vine Stalker Fighter began the quest for the
                  | Orb.
     0 | D:1      | Reached XP level 1. HP: 11/11 MP: 2/2
     0 | D:1      | magus.rc [v1.9.6]
   414 | D:1      | Reached XP level 2. HP: 16/16 MP: 3/3
   416 | D:1      | Reached skill level 2 in Short Blades
   660 | D:1      | Reached skill level 3 in Shields
   706 | D:1      | Reached skill level 3 in Fighting
   706 | D:1      | Reached XP level 3. HP: 20/20 MP: 4/4
  1513 | D:2      | You pick up a book of Cantrips and begin reading...
  1513 | D:2      | You add the spells Animate Skeleton, Summon Small Mammal
                  | and Apportation to your library.
  1567 | D:2      | Gained mutation: Your natural rate of healing is unusually
                  | fast. [Vine Stalker growth]
  1567 | D:2      | Reached XP level 4. HP: 18/24 MP: 5/5
  1811 | D:2      | You fall into a shaft and drop 1 floor!
  1823 | D:3      | Found a glowing drain.
  1825 | D:3      | Reached skill level 3 in Armour
  1833 | Sewer    | Entered a sewer
  1875 | Sewer    | Noticed a kobold brigand
  1875 | Sewer    | Noticed a kobold brigand
  1903 | Sewer    | Killed a kobold brigand
  1904 | Sewer    | Reached XP level 5. HP: 13/28 MP: 6/6
  1919 | Sewer    | Killed a kobold brigand
  1920 | Sewer    | Reached skill level 3 in Short Blades
  1920 | Sewer    | Reached XP level 6. HP: 14/33 MP: 4/7
  1968 | Sewer    | Found a white marble altar of Elyvilon.
  2233 | D:3      | HP: 8/33 [orc/+0 flail (7)]
  2242 | D:3      | Reached skill level 4 in Fighting
  2307 | D:3      | Reached skill level 4 in Shields
  2783 | D:4      | You pick up a book of Spectacle and begin reading...
  2783 | D:4      | You add the spells Dazzling Flash, Iskenderun's Mystic
                  | Blast and Starburst to your library.
  2857 | D:4      | Reached XP level 7. HP: 36/37 MP: 8/8
  2880 | D:4      | Found a runed translucent door.
  2881 | D:4      | Noticed Crazy Yiuf
  2938 | D:4      | You pick up a book of Displacement and begin reading...
  2938 | D:4      | You add the spells Lesser Beckoning, Gell's Gravitas and
                  | Teleport Other to your library.
  3031 | D:4      | Found a shimmering altar of Xom.
  3042 | D:4      | Noticed Menkaure
  3050 | D:4      | Killed Menkaure
  3069 | D:4      | Reached skill level 4 in Armour
  3396 | D:4      | Reached skill level 4 in Short Blades
  3622 | D:4      | Killed Crazy Yiuf
  3661 | D:5      | Entered Level 5 of the Dungeon
  3914 | D:5      | Gained mutation: You have razor-sharp teeth. [Vine Stalker
                  | growth]
  3914 | D:5      | Reached XP level 8. HP: 42/42 MP: 9/9
  3996 | D:5      | You pick up a book of Sloth and begin reading...
  3996 | D:5      | You add the spells Petrify, Metabolic Englaciation and
                  | Statue Form to your library.
  4511 | D:6      | Reached skill level 5 in Fighting
  4511 | D:6      | Reached skill level 5 in Shields
  4511 | D:6      | Reached skill level 1 in Unarmed Combat
  4527 | D:6      | Reached skill level 2 in Unarmed Combat
  4533 | D:6      | HP: 10/43 [orc priest/divine providence (12)]
  4537 | D:6      | HP: 3/64 [orc priest/divine providence (11)]
  4544 | D:6      | HP: 1/64 [bullfrog (6)]
  4552 | D:6      | Reached skill level 3 in Unarmed Combat
  4553 | D:6      | HP: 3/43 [orc priest/divine providence (3)]
  4657 | D:6      | Reached skill level 4 in Unarmed Combat
  4704 | D:6      | Found a blossoming altar of Fedhas.
  4764 | D:6      | Reached XP level 9. HP: 44/48 MP: 8/10
  4841 | D:6      | Found a staircase to the Ecumenical Temple.
  4850 | Temple   | Entered the Ecumenical Temple
  4864 | Temple   | Became a worshipper of Cheibriados the Contemplative
  5005 | D:6      | Learned a level 6 spell: Statue Form
  5075 | D:6      | Reached skill level 6 in Shields
  5075 | D:6      | Reached skill level 5 in Unarmed Combat
  5240 | D:7      | Identified the +7 scale mail of Purpose {Rampage Fly}
  5250 | D:7      | Reached skill level 6 in Fighting
  5394 | D:7      | Found a broken altar of Ashenzari.
  6044 | D:8      | Found Wadea's Weapon Emporium.
  6054 | D:9      | HP: 8/48 [yak (7)]
  6060 | D:9      | HP: 8/72 [yak (3)]
  6061 | D:9      | Reached skill level 6 in Unarmed Combat
  6207 | D:7      | HP: 6/47 [wight/+0 morningstar (12)]
  6207 | D:7      | HP: 2/45 [wight/+0 morningstar (4)]
  6208 | D:7      | Reached * piety under Cheibriados
  6209 | D:7      | Reached skill level 7 in Unarmed Combat
  6330 | D:7      | Reached XP level 10. HP: 16/50 MP: 2/11
  6588 | D:8      | Noticed Maggie
  6616 | D:8      | Killed Maggie
  6617 | D:8      | Reached skill level 7 in Fighting
  6617 | D:8      | Reached skill level 7 in Shields
  6670 | D:8      | Found a white marble altar of Elyvilon.
  6671 | D:8      | Noticed a manticore
  6680 | D:8      | HP: 6/55 [manticore (13)]
  6681 | D:8      | Mangled by a manticore

Vanquished Creatures
  Maggie (D:8)
  3 yaks
  Menkaure (D:4)
  3 water moccasins
  An orc warrior (D:6)
  A centaur (D:5)
  2 ogres (D:4)
  A phantom (D:6)
  3 kobold brigands
  3 bullfrogs
  2 necrophages (D:6)
  10 wights
  5 hounds
  5 orc priests
  Crazy Yiuf (D:4)
  A jelly (Temple)
  A gnoll shaman (D:5)
  3 iguanas
  6 orc wizards
  7 adders
  7 gnolls
  A white imp (D:5)
  4 ufetubi
  2 worms (D:4)
  2 dart slugs
  21 orcs
  8 ball pythons
  3 endoplasms
  5 giant cockroaches
  7 goblins
  6 hobgoblins
  6 jackals
  4 quokkas (D:1)
  2 bats (D:2)
  3 frilled lizards
  13 kobolds
  7 rats
161 creatures vanquished.

Vanquished Creatures (collateral kills)
  2 yaks (D:9)
2 creatures vanquished.

Grand Total: 163 creatures vanquished

Table legend:
 A = Non-vault XP
 B = Vault XP
 C = Vault XP percentage of total XP
 D = Non-vault monster count
 E = Vault monster count
 F = Vault count percentage of total count
                 A         B        C        D         E       F
            +---------+---------+-------+---------+---------+-------
      Total |    4531 |     831 |  15.5 |     147 |      16 |   9.8
            +---------+---------+-------+---------+---------+-------
        D:1 |      42 |       0 |   0.0 |      18 |       0 |   0.0
        D:2 |      83 |       0 |   0.0 |      19 |       0 |   0.0
        D:3 |     148 |      15 |   9.2 |      18 |       2 |  10.0
        D:4 |     327 |     213 |  39.4 |      19 |       2 |   9.5
        D:5 |     333 |       0 |   0.0 |      16 |       0 |   0.0
        D:6 |    1303 |       0 |   0.0 |      28 |       0 |   0.0
        D:7 |     612 |       0 |   0.0 |      16 |       0 |   0.0
        D:8 |    1012 |     389 |  27.8 |       9 |       1 |  10.0
        D:9 |     631 |       0 |   0.0 |       3 |       0 |   0.0
     Temple |      40 |       0 |   0.0 |       1 |       0 |   0.0
      Sewer |       0 |     214 | 100.0 |       0 |      11 | 100.0
            +---------+---------+-------+---------+---------+-------

Illustrated notes

Table legend:
 A = Kills in this place as a percentage of kills in entire the game.
 B = Kills by you in this place as a percentage of kills by you in the entire game.
 C = Kills by friends in this place as a percentage of kills by friends in the entire game.
 D = Other kills in this place as a percentage of other kills in the entire game.
 E = Experience gained in this place as a percentage of experience gained in the entire game.
 F = Experience gained in this place divided by the number of levels of this place that you have seen.
                   A       B       C       D       E      F
               +-------+-------+-------+-------+-------+----------------------
         Total | 100.0 | 100.0 | 100.0 |   N/A | 100.0 | 487.5
       Dungeon |  92.6 |  92.5 | 100.0 |   N/A |  95.3 | 567.6
        Temple |   0.6 |   0.6 |   0.0 |   N/A |   0.7 |  40.0
         Sewer |   6.7 |   6.8 |   0.0 |   N/A |   4.0 | 214.0
               +-------+-------+-------+-------+-------+----------------------

Table legend: (Time is in decaauts)
 A = Elapsed time spent in this place.
 B = Non-inter-level travel time spent in this place.
 C = Inter-level travel time spent in this place.
 D = Time resting spent in this place.
 E = Time spent auto-exploring this place.
 F = Levels seen in this place.
 G = Mean time per level.
                   A        B        C        D        E       F      G
               +--------+--------+--------+--------+--------+-----+--------+
         Total |   7068 |   6830 |    238 |    745 |   4859 |  11 |  642.5 |
       Dungeon |   6804 |   6576 |    228 |    745 |   4714 |   9 |  756.0 |
        Temple |     24 |     14 |     10 |      0 |      0 |   1 |   24.0 |
         Sewer |    239 |    239 |      0 |      0 |    145 |   1 |  239.0 |
               +--------+--------+--------+--------+--------+-----+--------+

Top non-repeatable levels by time:
     D:7: 1403 daAuts
     D:1: 1071 daAuts
     D:4: 942 daAuts
     D:5: 833 daAuts
     D:2: 752 daAuts
     D:3: 716 daAuts
     D:6: 690 daAuts
     D:8: 305 daAuts
   Sewer: 239 daAuts
     D:9: 89 daAuts
  Temple: 24 daAuts
